 Dungeon Crawl Stone Soup version 0.28.0 (webtiles) character file.

Game seed: 7938127020315430871

20739 SnakkuSnakku7 the Covert (level 13, -14/98 HPs)
             Began as a Human Enchanter on Feb 9, 2022.
             Was a Follower of Ashenzari.
             Demolished by an eight-headed hydra (15 damage)
             ... on level 3 of the Lair of Beasts.
             The game lasted 00:32:48 (21625 turns).

SnakkuSnakku7 the Covert (Human Enchanter)         Turns: 21625, Time: 00:32:49

Health: -14/98     AC:  7    Str:  8    XL:     13   Next: 14%
Magic:  22/22      EV: 16    Int: 20    God:    Ashenzari [*.....]
Gold:   540        SH:  0    Dex: 15    Spells: 16/24 levels left

rFire   + . .      SeeInvis .   a - +1 dagger (elec)
rCold   . . .      Faith    .   (no shield)
rNeg    . . .      Spirit   .   d - +2 robe "Share My Jealousy" {rF+, Elem, Cun} (curse)
rPois   .          Reflect  .   t - +2 helmet "Omen of Ashenzari" {Evo, Melee} (curse)
rElec   .          Harm     .   (no cloak)
rCorr   .          Rampage  .   (no gloves)
Will    .....                   (no boots)
Stlth   ++++++....              (no amulet)
HPRegen 0.26/turn               (no ring)
MPRegen 0.18/turn               (no ring)

@: no status effects
A: no striking features
a: Renounce Religion, Curse Item, Shatter the Chains


You were on level 3 of the Lair of Beasts.
You worshipped Ashenzari.
Ashenzari was aware of your devotion.
You visited 3 branches of the dungeon, and saw 14 of its levels.
You also visited: Sewer.

You collected 770 gold pieces.
You spent 230 gold pieces at shops.

Inventory:

Hand Weapons
 a - a +1 dagger of electrocution (weapon)
Missiles
 r - 4 curare-tipped darts
 x - 2 throwing nets
Armour
 d - the cursed +2 robe "Share My Jealousy" (worn) {rF+, Elem, Cun}
   (You found it on level 4 of the Dungeon)

   It has a curse which improves the following skills: Elements: Fire Magic, Ice
   Magic, Air Magic and Earth Magic.
   Cunning:   Dodging and Stealth.
 l - +0 swamp dragon scales
 t - the cursed +2 helmet "Omen of Ashenzari" (worn) {Evo, Melee}
   (You found it on level 7 of the Dungeon)

   It has a curse which improves the following skills: Evocations: Evocations.
   Melee Combat: Short Blades, Long Blades, Axes, Maces & Flails, Polearms,
   Staves and Unarmed Combat.
Jewellery
 q - an amulet of guardian spirit
Wands
 b - a wand of digging (3)
 f - a wand of iceblast (5)
 p - a wand of flame (16)
 s - a wand of mindburst (14)
 A - a wand of acid (3)
Scrolls
 e - 7 scrolls of teleportation
 h - 2 scrolls of vulnerability
 i - 4 scrolls of magic mapping
 u - 2 scrolls of identify
 y - a scroll of amnesia
 C - a scroll of fog
 D - a scroll of enchant armour
 E - a scroll of silence
Potions
 c - 2 potions of flight
 g - 4 potions of heal wounds
 j - a potion of brilliance
 k - 7 potions of curing
 m - a potion of attraction
 n - 9 potions of ambrosia
 o - 4 potions of haste
 w - a potion of magic
 z - 2 potions of might
Miscellaneous
 v - a phantom mirror (inert)
 B - a lightning rod (1/4)


   Skills:
 - Level 8.0 Fighting
 - Level 8.0(8.8) Short Blades
 - Level 7.6(8.5) Dodging
 - Level 14.1(14.9) Stealth
 - Level 6.0 Spellcasting
 - Level 8.0 Hexes
 - Level 2.3(3.0) Ice Magic
 + Level 1.5(2.2) Evocations


You had 16 spell levels left.
You knew the following spells:

 Your Spells              Type           Power      Damage    Failure   Level
a - Confusing Touch       Hex            38%        N/A       1%          3
b - Ensorcelled Hibernat  Hex/Ice        56%        N/A       1%          2
c - Tukima's Dance        Hex            38%        N/A       1%          3

Your spell library contained the following spells:

 Spells                   Type           Power      Damage    Failure   Level
 Dazzling Flash           Conj/Hex       44%        N/A       6%          3
 Sandblast                Erth           12%        2d6       10%         1
 Magic Dart               Conj           24%        1d4       11%         1
 Blink                    Tloc           12%        N/A       16%         2
 Passwall                 Tmut/Erth      5%         N/A       16%         2
 Searing Ray              Conj           12%        2d4       16%         2
 Fulminant Prism          Conj/Hex       11%        3d9       21%         4
 Lesser Beckoning         Tloc           6%         N/A       30%         3
 Stone Arrow              Conj/Erth      12%        3d7       30%         3
 Manifold Assault         Tloc           6%         N/A       96%         5


Dungeon Overview and Level Annotations

Branches:
Dungeon (10/15)            Temple (1/1) D:5            Lair (3/6) D:10
  Swamp (0/4) Lair:3        Snake (0/4) Lair:2          Orc (0/2) D:9
  Sewer (visited)

Altars:
Ashenzari
Cheibriados
Dithmenos
Elyvilon
Fedhas
Gozag
Hepliaklqana
Kikubaaqudgha
Makhleb
Nemelex Xobeh
Okawaru
Qazlal
Ru
Sif Muna
Trog
Uskayaw
Vehumet
Wu Jian
Xom
Yredelemnul
Zin
The Shining One

Shops:
D:8 *

Annotations:
D:6 3 runed translucent doors, SomeFlowers's ghost, weakling HuDe; hikkokomori's ghost, amateur FoFi


Message History

The eight-headed hydra barely misses you.
Unknown command.
Aiming: Thunderbolt
Press: ? - help, Shift-Dir - straight line, f - eight-headed hydra
Aim: an eight-headed hydra (lightly wounded)
The thunderbolt hits the eight-headed hydra.
The eight-headed hydra is lightly wounded.
The eight-headed hydra bites you but does no damage.
The eight-headed hydra bites you! The eight-headed hydra bites you.
The eight-headed hydra barely misses you.
The eight-headed hydra bites you.
The eight-headed hydra bites you but does no damage.
The eight-headed hydra bites you! x2
Aiming: Thunderbolt
Press: ? - help, Shift-Dir - straight line, f/p - eight-headed hydra
Aim: an eight-headed hydra (lightly wounded)
The thunderbolt hits the eight-headed hydra!
The eight-headed hydra is moderately wounded.
The eight-headed hydra bites you!
The eight-headed hydra bites you but does no damage.
The eight-headed hydra completely misses you.
The eight-headed hydra bites you but does no damage.
The eight-headed hydra bites you! x2; The eight-headed hydra bites you.
* * * LOW HITPOINT WARNING * * *
The eight-headed hydra misses you.
Aiming: Thunderbolt
Press: ? - help, Shift-Dir - straight line, f/p - eight-headed hydra
Aim: an eight-headed hydra (moderately wounded)
The thunderbolt hits the eight-headed hydra!
The eight-headed hydra is heavily wounded.
The eight-headed hydra bites you.
* * * LOW HITPOINT WARNING * * *
The eight-headed hydra misses you. The eight-headed hydra bites you!
* * * LOW HITPOINT WARNING * * *
The eight-headed hydra closely misses you.
The eight-headed hydra bites you!
* * * LOW HITPOINT WARNING * * *
The eight-headed hydra bites you but does no damage.
The eight-headed hydra bites you!
You die...

.................................
......##........................
.....##.........................
......D..............#..........
.....................#..........
..........................P....
..........................P#..
..........................##.
...........##P..@.............
........########D...............
.......... ###...#............
.........# ##...................
.........####.....#...........##.
..........#.......#...........##.
.................##............#P
..............######...........##
..............# #...........# #


You could see an eight-headed hydra.

Vanquished Creatures
  A boulder beetle (Lair:3)
  A two-headed ogre (D:9)
  Sonja (Lair:2)
  3 black mambas (Lair:2)
  9 cane toads
  Maggie (D:7)
  3 komodo dragons
  A queen bee (Lair:2)
  13 blink frogs
  Prince Ribbit (Lair:3)
  A shadow (D:10)
  13 yaks
  3 wyverns
  2 basilisks
  A steam dragon (Lair:2)
  4 vampire mosquitoes (Lair:3)
  Menkaure (D:7)
  3 nagas (Lair:2)
  An acid dragon (D:9)
  Duvessa (D:6)
  10 water moccasins
  A sky beast (D:5)
  2 ice beasts
  An orc warrior (D:10)
  A black bear (Lair:2)
  2 necrophages
  5 centaurs
  4 kobold brigands
  2 phantoms
  7 bullfrogs
  3 gnoll sergeants
  2 wyvern zombies (D:8)
  6 scorpions
  A water moccasin skeleton (D:5)
  Dowan (D:6)
  32 killer bees
  8 wights
  5 howler monkeys (D:10)
  2 centaur zombies
  8 hounds
  4 jellies
  3 orc priests (D:4)
  A bullfrog skeleton (D:6)
  An iguana (D:5)
  8 orc wizards
  A scorpion zombie (D:5)
  10 gnolls
  3 howler monkey zombies
  9 adders
  2 river rats (D:4)
  A shadow imp (D:7)
  A white imp (D:6)
  An ufetubus (D:5)
  An adder skeleton (D:4)
  3 dart slugs
  26 orcs
  5 ball pythons
  7 endoplasms
  3 giant cockroaches
  12 hobgoblins
  A jackal (Sewer)
  4 quokkas
  8 bats
  4 frilled lizards
  8 goblins
  23 kobolds
  5 rats
  2 butterflies (D:9)
324 creatures vanquished.

Vanquished Creatures (collateral kills)
  A hydra (Lair:1)
  An ogre (D:5)
  4 wights
6 creatures vanquished.

Vanquished Creatures (others)
  6 dancing weapons
  An orc wizard (D:8)
  12 fungi
  26 plants
45 creatures vanquished.

Grand Total: 375 creatures vanquished

Notes
Turn   | Place    | Note
-------+----------+-------------------------------------------
     0 | D:1      | SnakkuSnakku7 the Human Enchanter began the quest for the
                  | Orb.
     0 | D:1      | Reached XP level 1. HP: 13/13 MP: 3/3
   105 | D:1      | Reached XP level 2. HP: 4/19 MP: 5/5
   108 | D:1      | Learned a level 2 spell: Ensorcelled Hibernation
  1222 | D:1      | Reached XP level 3. HP: 22/24 MP: 3/6
  1394 | D:1      | Found a faded altar of an unknown god.
  2084 | D:2      | Learned a level 3 spell: Confusing Touch
  2197 | D:2      | Reached XP level 4. HP: 28/30 MP: 4/7
  3276 | D:3      | Reached XP level 5. HP: 33/35 MP: 8/8
  3999 | D:3      | Reached skill level 5 in Hexes
  3999 | D:3      | Reached XP level 6. HP: 22/41 MP: 6/9
  4146 | D:3      | Learned a level 3 spell: Tukima's Dance
  4357 | D:4      | Found a glowing drain.
  4380 | Sewer    | Entered a sewer
  4882 | Sewer    | Found a white marble altar of Elyvilon.
  5264 | D:4      | Reached XP level 7. HP: 40/46 MP: 10/10
  6286 | D:5      | Entered Level 5 of the Dungeon
  6349 | D:5      | Reached XP level 8. HP: 39/52 MP: 8/11
  6645 | D:5      | Found a staircase to the Ecumenical Temple.
  6660 | D:5      | Reached skill level 4 in Stealth
  6673 | Temple   | Entered the Ecumenical Temple
  6709 | Temple   | Became a worshipper of Ashenzari the Shackled
  6819 | D:5      | HP: 1/52 [orc wizard (20)]
  7206 | D:5      | Reached skill level 5 in Stealth
  7433 | D:5      | Reached skill level 6 in Stealth
  7864 | D:6      | Reached skill level 7 in Stealth
  7864 | D:6      | Found a burning altar of Makhleb.
  7899 | D:6      | Reached XP level 9. HP: 55/57 MP: 12/12
  8041 | D:6      | Noticed Duvessa
  8041 | D:6      | Noticed Dowan
  8053 | D:6      | Killed Duvessa
  8054 | D:6      | Reached skill level 8 in Stealth
  8065 | D:6      | Killed Dowan
  8313 | D:6      | Found a runed translucent gate.
  8313 | D:6      | Found a runed translucent gate.
  8314 | D:6      | Found a runed translucent gate.
  8315 | D:6      | Noticed hikkokomori's ghost (amateur FoFi)
  8315 | D:6      | Noticed SomeFlowers's ghost (weakling HuDe)
  8362 | D:6      | Found a radiant altar of Vehumet.
  8385 | D:6      | Found an ornate altar of the Wu Jian Council.
  8427 | D:6      | Reached skill level 1 in Ice Magic
  8533 | D:6      | HP: 2/57 [poisoned by a kobold]
  8898 | D:6      | Found a sacrificial altar of Ru.
  9097 | D:6      | Identified the +1 ring mail of Datrosk {SInv}
  9222 | D:6      | Reached skill level 5 in Short Blades
 10435 | D:7      | Noticed Menkaure
 10449 | D:7      | Killed Menkaure
 11372 | D:7      | Noticed Maggie
 11395 | D:7      | Killed Maggie
 11396 | D:7      | Reached XP level 10. HP: 16/63 MP: 6/13
 11676 | D:7      | Reached skill level 1 in Fighting
 12651 | D:8      | Found an iron altar of Okawaru.
 12791 | D:8      | Found Qiyrunn's CLEARANCE SALE!.
 12797 | D:8      | Bought a phantom mirror for 200 gold pieces
 12797 | D:8      | Bought 3 scrolls of identify for 30 gold pieces
 13072 | D:9      | Found a staircase to the Orcish Mines.
 13485 | D:9      | Reached skill level 5 in Fighting
 13524 | D:9      | Found a shimmering altar of Xom.
 13775 | D:9      | Noticed a two-headed ogre
 13779 | D:9      | Killed a two-headed ogre
 14391 | D:10     | Entered Level 10 of the Dungeon
 15253 | D:10     | Reached XP level 11. HP: 83/84 MP: 14/14
 15383 | D:10     | Found a staircase to the Lair.
 15571 | D:10     | Reached skill level 5 in Dodging
 15889 | Lair:1   | Entered Level 1 of the Lair of Beasts
 16594 | Lair:1   | Reached skill level 5 in Spellcasting
 16851 | Lair:2   | Found a staircase to the Snake Pit.
 17019 | Lair:2   | Noticed Sonja
 17431 | Lair:1   | Reached XP level 12. HP: 20/92 MP: 7/21
 17823 | Lair:2   | Noticed a five-headed hydra
 17863 | Lair:1   | HP: 4/92 [five-headed hydra (12)]
 17863 | Lair:1   | Killed a five-headed hydra
 17864 | Lair:1   | Reached skill level 9 in Stealth
 18311 | Lair:1   | Identified the cursed +2 robe "Share My Jealousy" {rF+,
                  | Elem, Cun} (You found it on level 4 of the Dungeon)
 18771 | Lair:2   | Reached skill level 10 in Stealth
 18945 | Lair:2   | Reached skill level 11 in Stealth
 19406 | Lair:2   | Killed Sonja
 19790 | Lair:2   | Reached * piety under Ashenzari
 19813 | Lair:2   | Reached skill level 12 in Stealth
 20134 | Lair:3   | Noticed Prince Ribbit
 20157 | Lair:3   | Reached skill level 13 in Stealth
 20190 | Lair:3   | Killed Prince Ribbit
 20546 | Lair:3   | Noticed a boulder beetle
 20553 | Lair:3   | Killed a boulder beetle
 20554 | Lair:3   | Reached XP level 13. HP: 94/98 MP: 22/22
 20758 | Lair:3   | Found a staircase to the Swamp.
 20768 | Lair:3   | Reached skill level 14 in Stealth
 21113 | Lair:3   | Noticed an eight-headed hydra
 21586 | Lair:3   | Reached skill level 1 in Evocations
 21625 | Lair:3   | HP: 1/98 [eight-headed hydra (12)]
 21625 | Lair:3   | Demolished by an eight-headed hydra

Illustrated notes

Levels and vault maps discovered:
D:1:      psy_arrival_radial01, layout_loops_corners,
          shapermc_ecumenical_altar_mp_vishouse
D:2:      layout_basic, minivault_23
D:3:      layout_basic, minmay_liquid_box, hex_medium
D:4:      layout_basic, portal_sewer_entry_b, st_stairs_2, serial_bayou_pond_e
D:5:      layout_gridville, minmay_temple_entry_junction
D:6:      corexii_shack_village, layout_loops_corners,
          makhleb_blood_cavern_becter, nzn_wu_jian_contemplation,
          nicolae_vehumet_altar_sigil, mainiacjoe_overflow_alcove_1,
          gammafunk_ghost_cemetery, serial_glass, glass_columns_b,
          glass_columns_a, nrook_mini_backslash, uniq_duvessa
D:7:      layout_cave_pods, serial_bayou_crossing, uniq_menkaure, uniq_maggie
D:8:      layout_basic, mainiacjoe_overflow_boulevard, nicolae_shop_clearance
D:9:      layout_basic, xom_butterflies, orc_0_dummy
D:10:     layout_stronghold, grunt_lair_entry_orc_guard_hut,
          kennysheep_flooded_box, nicolae_wwwww, minmay_diced_spiral
Temple:   nicolae_temple_x_marks_the_god
Lair:1:   layout_regular_city
Lair:2:   layout_roguey [special_room_bee], guppyfry_snake_entry_garden,
          minivault_11, uniq_sonja
Lair:3:   layout_hall_layers, minmay_swamp_entry_swarm, uniq_prince_ribbit2

Skill      XL: |  1  2  3  4  5  6  7  8  9 10 11 12 13 |
---------------+----------------------------------------+-----
Short Blades   | 2 3 4 7 8 |  8.0
Hexes          | 4 5 6 7 8 |  8.0
Stealth        | 7 8 13 14 | 14.1
Ice Magic      | 2 |  2.3
Fighting       | 8 |  8.0
Dodging        | 3 7 |  7.6
Spellcasting   | 6 |  6.0
Evocations     | 1 |  1.5

Action                   |  1- 3 |  4- 6 |  7- 9 | 10-12 | 13-15 || total
-------------------------+-------+-------+-------+-------+-------++-------
Melee: Dagger            |   137 |   134 |   347 |   496 |    58 ||  1172
       Punch             |     1 |     1 |     5 |    10 |     2 ||    19
 Cast: Ensorcelled Hiber |     9 |    19 |    59 |   153 |     9 ||   249
       Confusing Touch   |       |     1 |     5 |     4 |     4 ||    14
       Tukima's Dance    |       |       |    17 |     7 |       ||    24
Invok: Curse Item        |       |       |     1 |     1 |       ||     2
Evoke: Wand              |       |       |       |     1 |       ||     1
       Phantom mirror    |       |       |       |     1 |       ||     1
       Lightning rod     |       |       |       |       |     3 ||     3
  Use: Scroll            |       |     7 |    10 |    11 |       ||    28
       Potion            |       |     1 |     4 |     3 |       ||     8
 Stab: Sleeping          |    11 |    19 |    39 |   105 |     7 ||   181
       Invisible         |       |     5 |       |       |       ||     5
       Confused          |       |       |     5 |     5 |     1 ||    11
       Distracted        |       |       |       |     1 |       ||     1
Armor: Robe              |    34 |    20 |    69 |    86 |    22 ||   231
       Skin              |       |       |       |    21 |       ||    21
Dodge: Dodged            |    81 |    62 |   188 |   361 |    75 ||   767
